 Seeded DCSS version 0.29.0-13-gc9e81de378 (webtiles) character file.

Game seed: 905739011755388624 (custom seed)

84569 Iusername the Tortoise (level 15, -5/143 HPs)
             Began as a Minotaur Fighter on Sept 9, 2022.
             Was the Champion of the Shining One.
             Killed from afar by a deep elf zephyrmancer (23 damage)
             ... with a bolt of lightning
             ... on level 1 of the Elven Halls.
             The game lasted 00:48:22 (22519 turns).

Iusername the Tortoise (Minotaur Fighter)          Turns: 22519, Time: 00:48:25

Health: -5/143     AC: 31    Str: 34      XL:     15   Next: 35%
Magic:  0/14       EV:  8    Int:  9 (11) God:    the Shining One [******]
Gold:   2216       SH: 14    Dex: 17      Spells: 14/14 levels left

rFire   x . .      SeeInvis +   h - +6 hand axe of Rocofiuz {spect, *Noise Fly rPois SInv}
rCold   . . .      Faith    .   X - +0 kite shield
rNeg    + + +      Spirit   +   U - +2 crystal plate armour
rPois   +          Reflect  .   W - +0 hat "Fegues" {Regen+ Str+4}
rElec   .          Harm     .   (no cloak)
rCorr   .          Rampage  .   J - +0 pair of gloves of Inquiry {Int+4}
Will    +....                   v - +0 pair of boots
Stlth   ..........              f - amulet of guardian spirit
HPRegen 1.13/turn               i - +6 ring of dexterity
MPRegen 0.14/turn               j - ring "Impankev" {Wiz Fly rPois rF- Str+5}

@: on berserk cooldown, flying, slowed, glowing, studying Unarmed Combat, very
slow
A: horns 2, retaliatory headbutt
a: Renounce Religion, Divine Shield, Cleansing Flame, Summon Divine Warrior,
Brand Weapon With Holy Wrath


You were on level 1 of the Elven Halls.
You worshipped the Shining One.
The Shining One was exalted by your worship.
You visited 5 branches of the dungeon, and saw 22 of its levels.

You collected 2777 gold pieces.
You spent 561 gold pieces at shops.

Inventory:

Hand Weapons
 h - the +6 hand axe of Rocofiuz (weapon) {spect, *Noise Fly rPois SInv}
   (You found it on level 4 of the Dungeon)

   When its wielder attacks, the weapon's spirit leaps out and strikes again.
   The spirit shares a part of any damage it takes with its wielder.
   rPois:     It protects you from poison.
   SInv:      It lets you see invisible.
   Fly:       It grants you flight.
   *Noise:    It may make noises in combat.
Missiles
 y - 15 javelins
 I - a throwing net
Armour
 v - a +0 pair of boots (worn)
 J - the +0 pair of gloves of Inquiry (worn) {Int+4}
   (You found it on level 6 of the Dungeon)

   Int:       It affects your intelligence (+4).
 U - a +2 crystal plate armour (worn)
 W - the +0 hat "Fegues" (worn) {Regen+ Str+4}
   (You found it on level 11 of the Dungeon)

   Str:       It affects your strength (+4).
   Regen:     It increases your rate of health regeneration.
 X - a +0 kite shield (worn)
Jewellery
 c - a ring of resist corrosion
 f - an amulet of guardian spirit (around neck)
 i - a +6 ring of dexterity (left hand)
 j - the ring "Impankev" (right hand) {Wiz Fly rPois rF- Str+5}
   (You bought it in a shop on level 2 of the Orcish Mines)

   [ring of wizardry]

   It improves your spell success rate.
   Str:       It affects your strength (+5).
   rF:        It makes you vulnerable to fire.
   rPois:     It protects you from poison.
   Fly:       It grants you flight.
 O - an amulet of faith
Wands
 m - a wand of flame (39)
 p - a wand of mindburst (15)
 x - a wand of iceblast (11) (quivered)
 z - a wand of paralysis (24)
 K - a wand of light (4)
 Z - a wand of digging (2)
Scrolls
 a - 2 scrolls of enchant armour
 b - a scroll of fear
 d - 3 scrolls of identify
 k - 5 scrolls of fog
 n - 4 scrolls of vulnerability
 r - a scroll of summoning {unknown}
 s - 3 scrolls of poison {unknown}
 w - a scroll of magic mapping
 D - 9 scrolls of teleportation
 F - a scroll of blinking {unknown}
 H - a scroll of silence
 N - a scroll of amnesia
Potions
 e - 4 potions of lignification
 g - 3 potions of degeneration
 o - 7 potions of curing {unknown}
 q - 4 potions of flight {unknown}
 t - 4 potions of haste {unknown}
 u - 5 potions of brilliance
 A - 2 potions of magic {unknown}
 B - 6 potions of mutation {unknown}
 C - 5 potions of attraction {unknown}
 E - a potion of invisibility {unknown}
 G - a potion of ambrosia
 L - a potion of cancellation {unknown}


   Skills:
 + Level 15.6 Fighting
 + Level 17.7 Axes
 + Level 18.5 Armour
 + Level 2.7 Dodging
 + Level 1.7 Stealth
 + Level 14.6 Shields


You had 14 spell levels left.
You didn't know any spells.
Your spell library contained the following spells:

 Spells                   Type           Power      Damage    Failure   Level
 Apportation              Tloc           0%         N/A       92%         1
 Freeze                   Ice            0%         1d3       92%         1
 Necrotise                Necr           0%         1d4       92%         1
 Summon Small Mammal      Summ           0%         N/A       92%         1
 Conjure Flame            Conj/Fire      0%         6-21      99%         3
 Frozen Ramparts          Ice            0%         1d1       99%         3
 Gell's Gravitas          Tloc           0%         N/A       99%         3
 Ignite Poison            Fire/Tmut/Pois 0%         N/A       99%         3
 Lesser Beckoning         Tloc           0%         N/A       99%         3
 Teleport Other           Tloc           0%         N/A       99%         3
 Tukima's Dance           Hex            0%         N/A       99%         3
 Fulminant Prism          Conj/Hex       0%         3d6       100%        4
 Hailstorm                Conj/Ice       0%         3d3       100%        4
 Ice Form                 Ice/Tmut       0%         N/A       100%        4
 Iskenderun's Mystic Bla  Conj/Tloc      0%         2d3       100%        4
 Leda's Liquefaction      Hex/Erth       0%         N/A       100%        4
 Passage of Golubria      Tloc           0%         N/A       100%        4
 Sticky Flame             Conj/Fire      0%         2d3       100%        4
 Lee's Rapid Deconstruct  Erth           0%         3d5*      100%        5
 Yara's Violent Unravell  Hex/Tmut       0%         3d3       100%        5
 Dispersal                Tloc           0%         N/A       100%        6
 Simulacrum               Ice/Necr       0%         N/A       100%        6
 Statue Form              Tmut/Erth      0%         N/A       100%        6
 Disjunction              Tloc           0%         N/A       100%        8


Dungeon Overview and Level Annotations

Branches:
Dungeon (13/15)            Temple (1/1) D:5            Lair (5/5) D:11
  Swamp (0/4) Lair:3       Spider (0/4) Lair:3        Slime (0/5) Lair:5
    Orc (2/2) D:12            Elf (1/3) Orc:2
 Vaults: D:13-14

Altars:
Ashenzari
Cheibriados
Dithmenos
Elyvilon
Fedhas
Gozag
Hepliaklqana
Kikubaaqudgha
Makhleb
Nemelex Xobeh
Okawaru
Qazlal
Ru
Sif Muna
Trog
Uskayaw
Vehumet
Wu Jian
Xom
Yredelemnul
Zin
The Shining One
Jiyva

Shops:
Orc:2 =[!=


Innate Abilities, Weirdness & Mutations

You have a pair of horns on your head.
You reflexively headbutt those who attack you in melee.


Message History

You are no longer berserk.
You are exhausted.
You feel as though you will be slow longer.
The deep elf archer hits you but does no damage.
The deep elf archer shoots an arrow.
The arrow barely misses you.
The arrow hits the deep elf archer!
You slash the deep elf archer!
You kill the deep elf archer!
The deep elf zephyrmancer casts a spell.
The deep elf zephyrmancer blinks!
The deep elf archer shoots an arrow.
The arrow hits you!
* * * LOW HITPOINT WARNING * * *
You feel your dexterity returning.
You feel much better.
The deep elf archer shoots an arrow.
The arrow hits you!
The deep elf archer shoots an arrow.
The arrow hits you but does no damage.
You bump into the rock wall.
The deep elf archer shoots an arrow.
The arrow completely misses you.
The arrow hits the deep elf archer!!
The deep elf archer shoots an arrow.
The arrow hits you.
The deep elf archer shoots an arrow.
The arrow barely misses you.
The arrow hits the deep elf archer!!
The deep elf archer dies!
You're too confused to move!
The deep elf archer shoots an arrow.
The arrow hits you!
* * * LOW HITPOINT WARNING * * *
The deep elf archer unwields a +0 dagger.
The deep elf archer wields a +0 shortbow.
The deep elf archer shoots an arrow.
The arrow hits you but does no damage.
The deep elf zephyrmancer points at you and mumbles some strange words.
The bolt of lightning hits you!!
* * * LOW HITPOINT WARNING * * *
The bolt of lightning hits you!!! The Shining One protects you from harm!
You feel less confused.
The deep elf archer unwields a +0 shortbow.
The deep elf archer wields a +0 short sword.
You block the deep elf archer's attack.
The deep elf zephyrmancer gestures at you while chanting.
The bolt of lightning hits you but does no damage.
The bolt of lightning hits you!!
You die...

......#.#####........#
......#..............#
#######.######.......#
#.# #########
####)#### #.......# ##
#.##.##.# .. #
#)##)##.###
#@.)e)....#
.......e.#)##.#....
####.###e#.# # .
#....(..# #####...##
...# #...# ... #...#
.. ..... .....


You could see 2 deep elf archers, a deep elf zephyrmancer and a +4 long sword of
holy wrath (wandering).

Vanquished Creatures
  The ghost of Serogusm the Skirmisher, a journeyman CeAM of Okawaru (Lair:5)
  Snorg (D:10)
  A fire dragon (Lair:5)
  2 ettins (Orc:2)
  A boulder beetle (Lair:5)
  6 hydras
  2 two-headed ogres
  An ogre mage (Orc:2)
  3 death yaks (Lair:3)
  A dancing weapon (Elf:1)
  Nergalle (Orc:2)
  Urug (Lair:5)
  Sonja (Lair:5)
  4 deep elf knights (Elf:1)
  A fire crab (Lair:5)
  2 deep elf archers (Elf:1)
  8 deep elf pyromancers (Elf:1)
  3 lindwurms (Lair:5)
  7 deep elf zephyrmancers (Elf:1)
  An orc knight (Orc:2)
  9 orc sorcerers
  2 cyclopes (D:12)
  2 manticores (D:11)
  2 ugly things (D:11)
  13 elephants
  Maurice (D:12)
  5 torpor snails (Lair:5)
  3 black mambas
  An unseen horror (D:11)
  Psyche (D:11)
  8 cane toads
  4 rime drakes
  9 komodo dragons
  A kobold demonologist (D:10)
  10 hornets
  A merfolk (D:11)
  5 trolls
  4 tyrant leeches
  10 polar bears
  22 blink frogs
  2 raiju (Lair:5)
  5 dream sheep (Lair:3)
  4 culicivoras (Lair:3)
  3 shadows
  A hog (D:11)
  4 basilisks
  62 yaks
  3 water elementals (D:11)
  6 wyverns (D:11)
  2 vampire mosquitoes (D:10)
  3 steam dragons
  A swamp worm (Lair:3)
  2 acid dragons
  7 wargs
  13 hell hounds (Lair:5)
  19 water moccasins
  5 ice beasts
  15 orc warriors
  5 sky beasts
  18 black bears
  13 wolves (Lair:5)
  10 ogres
  19 centaurs
  2 phantoms
  10 kobold brigands
  12 bullfrogs
  2 necrophages
  5 gnoll sergeants
  4 scorpions
  6 wights
  2 troll zombies (D:12)
  6 killer bees (D:9)
  3 howler monkeys
  9 electric eels
  2 jellies
  15 orc priests
  3 hounds
  4 iguanas
  34 orc wizards
  2 hell rats (Lair:1)
  4 ogre zombies (D:12)
  9 gnolls
  9 adders
  6 river rats (Lair:1)
  A shadow imp (D:7)
  A white imp (D:6)
  2 ufetubi
  2 worms
  A dart slug (D:5)
  48 orcs
  6 endoplasms
  4 giant cockroaches
  6 goblins
  11 hobgoblins
  7 jackals
  47 kobolds
  4 quokkas
  9 ball pythons
  3 bats (D:1)
  4 frilled lizards
  3 hobgoblin skeletons (D:12)
  4 hobgoblin zombies (D:12)
  3 orc skeletons (D:12)
  9 orc zombies (D:12)
  9 rats
716 creatures vanquished.

Vanquished Creatures (others)
  A deep elf archer (Elf:1)
  An orc wizard (Orc:2)
  An orc (Orc:2)
  A kobold (D:11)
  2 bushes (Lair:5)
  30 fungi
  121 plants
157 creatures vanquished.

Grand Total: 873 creatures vanquished

Notes
Turn   | Place    | Note
-------+----------+-------------------------------------------
     0 | D:1      | Iusername the Minotaur Fighter began the quest for the Orb.
     0 | D:1      | Reached XP level 1. HP: 19/19 MP: 0/0
   191 | D:1      | Reached XP level 2. HP: 24/27 MP: 1/1
   361 | D:1      | Reached skill level 4 in Armour
   596 | D:1      | Reached XP level 3. HP: 33/33 MP: 2/2
   809 | D:1      | Identified a scroll of acquirement
   809 | D:1      | Acquired a +6 ring of dexterity
  1520 | D:3      | Reached XP level 4. HP: 39/41 MP: 3/3
  1896 | D:3      | Found a hide-covered altar of Uskayaw.
  1896 | D:3      | Found a burning altar of Makhleb.
  2530 | D:4      | Reached XP level 5. HP: 34/47 MP: 1/4
  2647 | D:4      | Identified the +6 hand axe of Rocofiuz {spect, *Noise Fly
                  | rPois SInv}
  2697 | D:4      | You are sucked into a shaft and drop 1 floor!
  2697 | D:5      | Entered Level 5 of the Dungeon
  2726 | D:5      | Found a staircase to the Ecumenical Temple.
  2764 | D:5      | Noticed a centaur
  2769 | D:5      | Killed a centaur
  2770 | D:5      | Reached skill level 5 in Fighting
  2770 | D:5      | Reached skill level 5 in Armour
  2797 | Temple   | Entered the Ecumenical Temple
  2868 | Temple   | Became a worshipper of the Shining One
  2941 | D:5      | Noticed a phantom
  2946 | D:5      | Killed a phantom
  2947 | D:5      | Reached skill level 5 in Axes
  2947 | D:5      | Reached XP level 6. HP: 56/56 MP: 5/5
  3249 | D:5      | Noticed a sky beast
  3256 | D:5      | Killed a sky beast
  3257 | D:5      | Reached skill level 1 in Dodging
  3357 | D:5      | Found a shadowy altar of Dithmenos.
  3364 | D:5      | Found a white marble altar of Elyvilon.
  3369 | D:5      | Found a stormy altar of Qazlal.
  3372 | D:5      | Found a sparkling altar of Nemelex Xobeh.
  3377 | D:5      | Found a shimmering blue altar of Sif Muna.
  3382 | D:5      | Found a hazy altar of Hepliaklqana.
  3391 | D:5      | Reached XP level 7. HP: 61/61 MP: 6/6
  3424 | D:5      | Reached skill level 6 in Armour
  3843 | D:4      | Found a stormy altar of Qazlal.
  4109 | D:6      | Identified the +0 pair of gloves of Inquiry {Int+4}
  4154 | D:6      | Reached * piety under the Shining One
  4160 | D:6      | Reached skill level 1 in Stealth
  4380 | D:6      | Reached XP level 8. HP: 64/70 MP: 5/7
  4391 | D:6      | Reached skill level 7 in Armour
  4404 | D:6      | Reached skill level 5 in Shields
  5111 | D:6      | Reached skill level 8 in Armour
  5482 | D:7      | Noticed a hornet
  5488 | D:7      | Killed a hornet
  5489 | D:7      | Reached XP level 9. HP: 72/77 MP: 8/8
  5603 | D:7      | Reached skill level 9 in Armour
  5739 | D:7      | Reached skill level 10 in Axes
  5746 | D:7      | Reached ** piety under the Shining One
  6318 | D:8      | Reached skill level 10 in Armour
  6429 | D:8      | Noticed a troll
  6433 | D:8      | Killed a troll
  6434 | D:8      | Reached XP level 10. HP: 76/86 MP: 7/9
  7050 | D:9      | Found a broken altar of Ashenzari.
  7347 | D:9      | Reached skill level 11 in Armour
  7652 | D:10     | Entered Level 10 of the Dungeon
  8078 | D:10     | Identified the +10 dagger "Neso" {vorpal, rElec MP+9 Dex-2}
  8255 | D:10     | Noticed a two-headed ogre
  8260 | D:10     | Killed a two-headed ogre
  8437 | D:10     | Noticed Snorg
  8448 | D:10     | Killed Snorg
  8449 | D:10     | Reached XP level 11. HP: 95/95 MP: 7/10
  9193 | D:11     | Reached skill level 12 in Armour
  9199 | D:11     | Found a staircase to the Lair.
  9888 | D:11     | Noticed a green ugly thing
  9892 | D:11     | Killed a green ugly thing
  9951 | D:11     | Reached *** piety under the Shining One
 10051 | D:11     | Noticed a purple ugly thing
 10069 | D:11     | Killed a purple ugly thing
 10747 | D:11     | Reached skill level 13 in Armour
 10766 | D:11     | Identified the +8 scimitar of the Crafting Sybil {freeze,
                  | rPois Int+2}
 11099 | D:11     | Identified the +0 hat "Fegues" {Regen+ Str+4}
 11206 | D:11     | Noticed a two-headed ogre
 11216 | D:11     | Killed a two-headed ogre
 11577 | D:11     | Found a hide-covered altar of Uskayaw.
 11589 | D:11     | Reached skill level 10 in Fighting
 11689 | D:11     | Reached skill level 14 in Armour
 11695 | D:11     | Reached XP level 12. HP: 83/106 MP: 8/11
 11841 | D:11     | Reached **** piety under the Shining One
 12134 | D:11     | Noticed Psyche
 12137 | D:11     | Killed Psyche
 12381 | D:12     | Noticed Maurice
 12385 | D:12     | Noticed a five-headed hydra
 12388 | D:12     | Killed Maurice
 12396 | D:12     | Killed a 12-headed hydra
 12565 | D:12     | Found a staircase to the Orcish Mines.
 12579 | D:12     | Reached ***** piety under the Shining One
 12972 | Orc:1    | Entered Level 1 of the Orcish Mines
 13235 | Orc:2    | Entered Level 2 of the Orcish Mines
 13336 | Orc:2    | Noticed an ettin
 13345 | Orc:2    | Killed an ettin
 13348 | Orc:2    | Reached skill level 15 in Axes
 13354 | Orc:2    | Noticed an ettin
 13364 | Orc:2    | Killed an ettin
 13365 | Orc:2    | Reached skill level 15 in Armour
 13374 | Orc:2    | Reached skill level 10 in Shields
 13384 | Orc:2    | Paralysed by an orc sorcerer for 4 turns
 13671 | Orc:2    | Noticed Nergalle
 13671 | Orc:2    | Noticed an ogre mage
 13679 | Orc:2    | Killed an ogre mage
 13684 | Orc:2    | Killed Nergalle
 13691 | Orc:2    | Reached XP level 13. HP: 99/118 MP: 12/12
 13911 | Orc:2    | Found Istuucikk's Jewellery Emporium.
 13924 | Orc:2    | Bought the ring "Impankev" {Wiz Fly rPois rF- Str+5} for
                  | 561 gold pieces
 13940 | Orc:2    | Found an ancient bone altar of Kikubaaqudgha.
 13961 | Orc:2    | Found Disiheck's Distillery.
 13978 | Orc:2    | Found Nusudgh's Jewellery Emporium.
 14013 | Orc:2    | Found Diffocoh's Antique Armour Shoppe.
 14051 | Orc:2    | Found a radiant altar of Vehumet.
 14172 | Orc:2    | Found a staircase to the Elven Halls.
 14939 | Lair:1   | Entered Level 1 of the Lair of Beasts
 15418 | Lair:1   | Reached skill level 16 in Armour
 15425 | Lair:1   | Reached ****** piety under the Shining One
 17055 | Lair:3   | Found a hole to the Spider Nest.
 17105 | Lair:3   | Found a staircase to the Swamp.
 17417 | Lair:3   | Reached XP level 14. HP: 108/129 MP: 8/13
 17766 | Lair:3   | Reached skill level 17 in Armour
 17965 | Lair:4   | Found a gate leading to a gauntlet.
 18408 | Lair:5   | Entered Level 5 of the Lair of Beasts
 19023 | Lair:5   | Noticed Sonja
 19026 | Lair:5   | Killed Sonja
 19170 | Lair:5   | Found a runed translucent door.
 19174 | Lair:5   | Noticed Serogusm's ghost (journeyman CeAM)
 19192 | Lair:5   | Killed Serogusm's ghost
 19427 | Lair:5   | Noticed Urug
 19441 | Lair:5   | Killed Urug
 19679 | Lair:5   | Found a runed translucent door.
 19739 | Lair:5   | Reached skill level 15 in Fighting
 19814 | Lair:5   | Reached skill level 18 in Armour
 20286 | Lair:5   | Found a viscous altar of Jiyva.
 20286 | Lair:5   | Found a staircase to the Slime Pits.
 20890 | Lair:5   | Reached XP level 15. HP: 139/141 MP: 14/14
 22038 | Elf:1    | Entered Level 1 of the Elven Halls
 22420 | Elf:1    | Identified the +6 war axe of Ynecw {holy, rCorr Str+4 Int+4
                  | Dex+4}
 22518 | Elf:1    | The Shining One protects you from harm!
 22519 | Elf:1    | Killed from afar by a deep elf zephyrmancer

Illustrated notes

Levels and vault maps discovered:
D:1:      spicycebolla_arrival_ecumenical, layout_basic
D:2:      layout_loops_ring, hangedman_glass_teeth, minmay_misc_feat_plants
D:3:      layout_loops_corners, nicolae_overflow_two_pavilions
D:4:      layout_cave_pools, minmay_ruined_shrine
D:5:      layout_loops_corners, nicolae_overflow_hallway_of_the_gods,
          minmay_temple_entry_wispy, serial_bayou_lagoon_b
D:6:      cheibrodos_thug_alley, layout_basic
D:7:      minmay_recursive_quarters, layout_cave_pools, kennysheep_flooded_box,
          grunt_ministairs_3
D:8:      layout_loops_cross
D:9:      layout_roguey, nicolae_ashenzari_skybound, feat_on_display
D:10:     layout_basic, uniq_snorg
D:11:     kennysheep_town, serial_shops, uniq_psyche
D:12:     layout_cave_pools, zombieorc1_lemuel, kennysheep_potato, uniq_maurice
D:13:     layout_basic, lightli_vaults_fourway_checkpoint
Temple:   nicolae_temple_god_jail
Lair:1:   layout_loops_ring, kennysheep_rathole
Lair:2:   layout_regular_city, minmay_stone_trees_small
Lair:3:   layout_regular_city, minmay_swamp_entry_worms,
          hellmonk_spider_entry_life_and_decay, nzn_random_ring
Lair:4:   layout_hall_layers, gauntlet_entry_generic, patterned_corridor
Lair:5:   hangedman_lair_caniforms_friends, layout_gridlike, wormcave,
          dpeg_slime_entry_corner, enter_volcano_1, ebering_ghost_inner_flame,
          serial_bayou_shore_a, infiniplex_staircase_pool, uniq_sonja, uniq_urug
Orc:1:    layout_caves, abandoned_shop
Orc:2:    kennysheep_orc_mage_school, layout_caves, basic_altar
Elf:1:    eino_elf_arrival_sip, layout_loops_cross,
          hangedman_elven_crosses_minicolossus, st_stairs_4

Skill      XL: |  1  2  3  4  5  6  7  8  9 10 11 12 13 14 15 |
---------------+----------------------------------------------+-----
Fighting       | 4 5 6 7 8 10 12 13 15 | 15.6
Armour         | 4 5 6 8 10 11 14 15 16 18 | 18.5
Axes           | 3 4 5 6 7 9 11 13 14 15 16 17 | 17.7
Shields        | 4 6 7 8 10 12 14 | 14.6
Dodging        | 1 2 |  2.7
Stealth        | 1 |  1.7

Action                   |  1- 3 |  4- 6 |  7- 9 | 10-12 | 13-15 || total
-------------------------+-------+-------+-------+-------+-------++-------
Melee: War axe           |    87 |    42 |       |       |       ||   129
       Headbutt          |     7 |    11 |    33 |   123 |   222 ||   396
       Hand axe          |       |    35 |   146 |   434 |   718 ||  1333
Throw: Javelin           |       |       |       |     1 |       ||     1
  Use: Scroll            |     1 |     1 |       |    14 |     4 ||    20
       Potion            |       |       |       |     9 |    16 ||    25
Armor: Scale mail        |    58 |     9 |       |       |       ||    67
       Plate armour      |       |    28 |    56 |    86 |       ||   170
       Crystal plate arm |       |       |       |   115 |   456 ||   571
       Skin              |       |       |       |       |    38 ||    38
Dodge: Dodged            |    45 |    12 |    33 |   112 |   163 ||   365
Block: Buckler           |    24 |    15 |    36 |    74 |       ||   149
       Kite shield       |       |       |       |    62 |   457 ||   519
